 Dungeon Crawl Stone Soup version 0.20.1-1-g8b1a95d (webtiles) character file.

2310 Kingsmith the Blocker (level 9, 0/64 HPs)
             Began as a Formicid Fighter on Dec 7, 2017.
             Succumbed to Edmund's poison
             ... on level 6 of the Dungeon on Dec 8, 2017.
             The game lasted 00:15:02 (5667 turns).

Kingsmith the Blocker (Formicid Fighter)            Turns: 5667, Time: 00:15:02

Health: 0/64       AC: 11    Str: 23    XL:     9   Next: 68%
Magic:  9/9        EV: 10    Int:  9    God:
Gold:   396        SH: 12    Dex: 12    Spells: 8/8 levels left

rFire    . . .     SeeInvis +   a - +1 long sword
rCold    . . .     Gourm    .   c - +0 shield
rNeg     . . .     Faith    .   b - +0 scale mail
rPois    .         Spirit   .   (helmet unavailable)
rElec    .         Reflect  .   m - +1 cloak
rCorr    .         Harm     .   (no gloves)
MR       .....                  (no boots)
Stlth    ..........             (no amulet)
Regen    0.2/turn               (no ring)
MPRegen  0.2/turn               (no ring)

@: lethally poisoned (0 -> -23)
A: permanent stasis, dig shafts and tunnels, four strong arms, antennae 3, thin
skeletal structure 1, blurry vision 1, shaggy fur 1
a: Dig, Shaft Self


You were on level 6 of the Dungeon.
You were very hungry.

You visited 2 branches of the dungeon, and saw 7 of its levels.
You also visited: Ossuary.

You collected 396 gold pieces.

Inventory:

Hand Weapons
 a - a +1 long sword (weapon)
Armour
 b - a +0 scale mail (worn)
 c - a +0 shield (worn)
 k - a +0 plate armour
 m - a +1 cloak (worn)
Jewellery
 e - the ring "Neisaol" {rC+ Str+4 Dex+7, unknown}
   (You found it in an ossuary)

   [ring of protection from cold]

   It affects your strength (+4).
   It affects your dexterity (+7).
   It protects you from cold.
Scrolls
 h - a scroll of blinking
 l - 2 scrolls of amnesia
 o - a scroll of enchant weapon
 q - a scroll of vulnerability {unknown}
 t - 2 scrolls of noise
 u - 2 scrolls of remove curse
Potions
 d - 3 potions of might
 g - 4 potions of flight
 i - a potion of invisibility
 j - 2 potions of curing
 n - a potion of agility
 p - a potion of haste
 z - 2 potions of heal wounds
 A - a potion of lignification
Books
 v - a book of Minor Magic

   Spells                             Type                      Level
   a - Magic Dart                     Conjuration                  1
   b - Blink                          Translocation                2
   c - Call Imp                       Summoning                    2
   d - Slow                           Hexes                        2
   e - Conjure Flame                  Conjuration/Fire             3
   f - Mephitic Cloud                 Conjuration/Poison/Air       3
Comestibles
 f - 5 bread rations
 r - 3 meat rations


   Skills:
 - Level 3.2 Fighting
 - Level 4.3 Long Blades
 + Level 9.3 Armour
 - Level 10.7 Shields


You had 8 spell levels left.
You didn't know any spells.

Dungeon Overview and Level Annotations

Branches:
Dungeon (6/15)             Temple (1/1) D:5

Altars:
Ashenzari
Cheibriados
Dithmenos
Fedhas
Gozag
Hepliaklqana
Makhleb
Trog
Uskayaw
Vehumet
Xom
Zin
The Shining One

Annotations:
D:6 Edmund


Innate Abilities, Weirdness & Mutations

You cannot be hasted, slowed, berserked, paralysed or teleported.
You can dig through walls and to a lower floor.
Your four strong arms can wield two-handed weapons with a shield.
You have a pair of large antennae on your head. (SInv)
You have a somewhat thin skeletal structure. (Dex +2, Stealth)
Scrolls take you a little longer to read.
You are covered in fur. (AC +1)


Message History

You hit Edmund.
Edmund is heavily wounded.
* * * LOW HITPOINT WARNING * * *
You feel sick. Edmund hits you but does no damage.
You closely miss Edmund.
Edmund is heavily wounded.
* * * LOW HITPOINT WARNING * * *
You feel sick. You block Edmund's attack.
You hit Edmund.
Edmund is heavily wounded.
* * * LOW HITPOINT WARNING * * *
You feel sick. You block Edmund's attack.
You slash Edmund!
Edmund is severely wounded.
* * * LOW HITPOINT WARNING * * *
You feel sick. Edmund hits you but does no damage.
You are more poisoned.
You hit Edmund but do no damage.
Edmund is severely wounded.
You die...

{ #.# #.# #######
####.### #.# ....<.##
#......###.#
#####..###......#...#
..........).....#.###
#.>......#........#
######>.########..###
#...........#....##
.........#...@@....#
............#######.#
...###....### ### ...
#....# #.....#
...........
.....####.... .....
##H... .### #...


You could see Edmund.

Vanquished Creatures
  A hippogriff (D:6)
  Sigmund (D:3)
  2 ice beasts
  3 ogres
  2 centaurs (D:5)
  A bullfrog (D:4)
  14 scorpions
  2 howler monkeys (D:4)
  A human zombie (Ossuary)
  2 hounds (D:5)
  A centaur skeleton (D:4)
  Terence (D:3)
  4 worker ants (D:4)
  3 mummies (Ossuary)
  A hound skeleton (D:4)
  8 adders
  8 scorpion zombies (Ossuary)
  2 oozes
  2 worms
  2 dart slugs
  A leopard gecko (D:1)
  15 orcs
  12 bats
  3 bat zombies (D:2)
  A giant cockroach (D:1)
  12 goblins
  2 hobgoblins
  5 jackals
  6 kobolds
  A quokka (D:3)
  8 frilled lizards
  A giant cockroach zombie (D:5)
  4 gnoll zombies (Ossuary)
  2 goblin zombies (Ossuary)
  A hobgoblin zombie (Ossuary)
  3 kobold zombies (Ossuary)
  A leopard gecko skeleton (D:6)
  2 orc zombies (Ossuary)
  2 quokka skeletons
  9 rats
  A fungus (D:5)
153 creatures vanquished.

Vanquished Creatures (others)
  A scorpion (Ossuary)
  A goblin zombie (Ossuary)
2 creatures vanquished.

Grand Total: 155 creatures vanquished

Notes
Turn   | Place    | Note
-------+----------+-------------------------------------------
     0 | D:1      | Kingsmith the Formicid Fighter began the quest for the Orb.
     0 | D:1      | Reached XP level 1. HP: 18/18 MP: 1/1
    55 | D:1      | Found a shattered altar of Ashenzari.
    94 | D:1      | Reached XP level 2. HP: 21/24 MP: 2/2
   161 | D:1      | Reached skill level 4 in Shields
   296 | D:1      | Reached XP level 3. HP: 28/29 MP: 3/3
   634 | D:2      | Found a shadowy altar of Dithmenos.
   713 | D:2      | Reached XP level 4. HP: 30/35 MP: 4/4
   928 | D:2      | Found a radiant altar of Vehumet.
  1176 | D:3      | Noticed an ice beast
  1192 | D:3      | Killed an ice beast
  1192 | D:3      | Reached skill level 5 in Shields
  1192 | D:3      | Reached XP level 5. HP: 24/41 MP: 5/5
  1350 | D:3      | Found a hazy altar of Hepliaklqana.
  1378 | D:3      | Found a snail-covered altar of Cheibriados.
  1393 | D:3      | Reached XP level 6. HP: 38/47 MP: 6/6
  1692 | D:3      | Noticed Sigmund
  1693 | D:3      | Noticed Terence
  1719 | D:3      | Killed Sigmund
  1719 | D:3      | Reached skill level 7 in Shields
  1722 | D:3      | Killed Terence
  1722 | D:3      | Reached XP level 7. HP: 36/52 MP: 7/7
  1879 | D:4      | Reached skill level 8 in Shields
  2696 | D:4      | Reached skill level 9 in Shields
  2775 | D:5      | Entered Level 5 of the Dungeon
  2775 | D:5      | Found a sand-covered staircase.
  2794 | D:5      | Reached XP level 8. HP: 31/58 MP: 8/8
  2926 | Ossuary  | Entered an ossuary
  3011 | Ossuary  | HP: 2/58 [poisoned by a scorpion]
  3015 | Ossuary  | Gained mutation: You are frail. (-10% HP) [potion of mutation]
  3015 | Ossuary  | Gained mutation: Your spells are a little harder to cast, but a little more powerful. [potion of mutation]
  3015 | Ossuary  | Gained mutation: Your muscles are strong. (Str +2) [potion of mutation]
  3162 | Ossuary  | Reached skill level 10 in Shields
  3175 | Ossuary  | Got a brightly glowing jade ring
  3197 | Ossuary  | Lost mutation: Your spells are a little harder to cast, but a little more powerful. [potion of mutation]
  3197 | Ossuary  | Lost mutation: Your muscles are strong. (Str +2) [potion of mutation]
  3197 | Ossuary  | Lost mutation: You are frail. (-10% HP) [potion of mutation]
  3197 | Ossuary  | Gained mutation: You have a somewhat thin skeletal structure. (Dex +2, Stealth) [potion of mutation]
  3197 | Ossuary  | Gained mutation: Scrolls take you a little longer to read. [potion of mutation]
  3197 | Ossuary  | Gained mutation: You are covered in fur. (AC +1) [potion of mutation]
  3776 | D:4      | Reached skill level 5 in Armour
  4426 | D:5      | Reached XP level 9. HP: 47/64 MP: 9/9
  5032 | D:5      | Found a staircase to the Ecumenical Temple.
  5042 | Temple   | Entered the Ecumenical Temple
  5618 | D:6      | Noticed Edmund
  5619 | D:6      | Noticed a hippogriff
  5649 | D:6      | Killed a hippogriff
  5666 | D:6      | HP: 3/64 [poisoned by Edmund]
  5667 | D:6      | Succumbed to Edmund's poison

Skill      XL: |  1  2  3  4  5  6  7  8  9 |
---------------+----------------------------+-----
Shields        | 4 5 7 9 10 | 10.7
Long Blades    | 3 4 |  4.3
Armour         | 6 9 |  9.3
Fighting       | |  3.2

Action                   |  1- 3 |  4- 6 |  7- 9 || total
-------------------------+-------+-------+-------++-------
Melee: Long sword        |   102 |   128 |   499 ||   729
 Abil: Dig               |       |       |     3 ||     3
  Use: Potion            |       |       |    13 ||    13
       Scroll            |       |       |     9 ||     9
  Eat: Chunk             |       |     2 |    10 ||    12
       Bread ration      |       |       |     1 ||     1
Armor: Scale mail        |    52 |    39 |   156 ||   247
       Skin              |       |       |     4 ||     4
Dodge: Dodged            |    49 |    39 |   146 ||   234
Block: Shield            |    69 |    76 |   288 ||   433
       Rpst.: Long sword |    14 |    15 |    45 ||    74
